 Dungeon Crawl Stone Soup version 0.21.1-1-g345015fe64 (webtiles) character file.

94 kometa the Sneak (level 4, 0/23 HPs)
             Began as a Spriggan Assassin on June 7, 2018.
             Slain by Robin
             ... wielding a +0 short sword
              (4 damage)
             ... on level 3 of the Dungeon.
             The game lasted 01:07:34 (5274 turns).

kometa the Sneak (Spriggan Assassin)                Turns: 5274, Time: 01:07:35

Health: 0/23       AC:  4    Str:  6 (7)  XL:     4   Next: 38%
Magic:  5/5        EV: 18    Int: 12      God:
Gold:   132        SH:  0    Dex: 16 (18) Spells: 3/3 levels left

rFire    . . .     SeeInvis +   i - -1 dagger (curse)
rCold    . . .     Gourm    .   (shield restricted)
rNeg     . . .     Faith    .   c - +1 robe
rPois    .         Spirit   .   (helmet restricted)
rElec    .         Reflect  .   d - +0 cloak
rCorr    .         Harm     .   (gloves unavailable)
MR       .....                  (boots unavailable)
Stlth    +++.......             (no amulet)
HPRegen  0.07/turn              (no ring)
MPRegen  0.09/turn              (no ring)

@: very quick
A: very small, unfitting armour, see invisible, herbivore, speed 3, slow
metabolism 2
a: no special abilities


You were on level 3 of the Dungeon.
You were not hungry.

You visited 1 branch of the dungeon, and saw 4 of its levels.

You collected 132 gold pieces.

Inventory:

Hand Weapons
 a - a +2 dagger
 b - a +1 blowgun
 i - a cursed -1 dagger (weapon)
Missiles
 e - 10 poisoned needles
 f - a curare-tipped needle
 h - 35 stones (quivered)
 m - 9 sling bullets
 n - 8 needles of sleeping
Armour
 c - a +1 robe (worn)
 d - a +0 cloak (worn)
Scrolls
 j - a scroll of enchant armour
Potions
 l - a potion of agility
 o - a potion of flight {unknown}
Comestibles
 g - 4 rations


   Skills:
 - Level 1.9 Fighting
 * Level 3.2 Short Blades
 - Level 2.7 Throwing
 + Level 3.1 Dodging
 - Level 6.5 Stealth


You had 3 spell levels left.
You didn't know any spells.

Dungeon Overview and Level Annotations

Branches:
Dungeon (4/15)
 Temple: D:4-7

Altars:

Annotations:
D:3 Robin


Innate Abilities, Weirdness & Mutations

You are very small and have problems with some larger weapons.
You are too small for most types of armour.
You have supernaturally acute eyesight. (SInv)
You are a herbivore.
You cover ground extremely quickly.
You need consume almost no food.


Message History

You cannot move.
You closely miss the goblin. The goblin hits you but does no damage.
Robin roars a battlecry!
The goblin goes into a battle-frenzy!
You hit the goblin.
The goblin is moderately wounded.
The goblin hits you but does no damage.
You closely miss the goblin.
The goblin is moderately wounded.
The goblin hits you but does no damage.
You hit the goblin.
The goblin is severely wounded.
You feel less wooden.
Your +0 cloak unmelds from your body.
Your +1 robe unmelds from your body.
The goblin misses you. Robin hits you with a short sword.
* * * LOW HITPOINT WARNING * * *
You hit the goblin.
You kill the goblin!
You hit Robin but do no damage. Robin hits you with a short sword.
You die...

#### ######### #... #.......#
#.## #.....#.# #.# #.....#.#
###g## ######################.#.#
#...g.
...!.....).....)@g).....>###.##.#
#########.############'#...g..#..
###.......# ####......#g#.###
..#.......# #.........#g#....
#.........# #.........#)#####
##........# #.........#<#
##........# #.........###
.....####.# ####......#
.....####.###### #......#


You could see Robin.

Vanquished Creatures
  An adder (D:3)
  3 leopard geckos
  An orc (D:3)
  2 ball pythons
  3 giant cockroaches
  11 goblins
  13 hobgoblins
  10 jackals
  8 kobolds
  2 quokkas (D:3)
  5 bats
  3 frilled lizards
  5 rats
67 creatures vanquished.

Notes
Turn   | Place    | Note
-------+----------+-------------------------------------------
     0 | D:1      | kometa the Spriggan Assassin began the quest for the Orb.
     0 | D:1      | Reached XP level 1. HP: 10/10 MP: 2/2
   300 | D:1      | Reached XP level 2. HP: 12/14 MP: 3/3
   411 | D:1      | Reached skill level 6 in Stealth
  1373 | D:1      | Reached XP level 3. HP: 15/18 MP: 4/4
  3107 | D:3      | Noticed Robin
  3884 | D:3      | Reached XP level 4. HP: 23/23 MP: 5/5
  5274 | D:3      | Slain by Robin

Skill      XL: |  1  2  3  4 |
---------------+-------------+-----
Stealth        | 6 |  6.5
Dodging        | 2 3 |  3.1
Short Blades   | 3 |  3.2
Fighting       | |  1.9
Throwing       | |  2.7

Action                   |  1- 3 |  4- 6 || total
-------------------------+-------+-------++-------
Melee: Dagger            |   490 |   124 ||   614
 Fire: Blowgun           |    13 |       ||    13
  Use: Scroll            |     6 |     1 ||     7
       Potion            |     4 |     1 ||     5
 Stab: Sleeping          |     8 |     4 ||    12
       Distracted        |     2 |       ||     2
  Eat: Ration            |     1 |     1 ||     2
Armor: Robe              |    72 |    18 ||    90
       Skin              |       |    18 ||    18
Dodge: Dodged            |   478 |    86 ||   564
